 Dungeon Crawl Stone Soup version 0.29-a0-393-g47a863cc1b (webtiles) character file.

Game seed: 999514090490593870

591 zishaf the Sneak (level 7, -1/38 HPs)
             Began as a Vine Stalker Brigand on May 10, 2022.
             Slain by a gnoll sergeant
             ... wielding a +0 spear
              (8 damage)
             ... on level 5 of the Dungeon.
             The game lasted 00:05:22 (3826 turns).

zishaf the Sneak (Vine Stalker Brigand)             Turns: 3826, Time: 00:05:22

Health: -1/38      AC: 10    Str: 14    XL:     7   Next: 39%
Magic:  0/2        EV: 10    Int: 11    God:
Gold:   180        SH:  0    Dex: 22    Spells: 6/6 levels left

rFire   + . .      SeeInvis .   a - +9 dagger of His Bef {antimagic, rElec rPois Will- Dex+5}
rCold   . . .      Faith    .   (no shield)
rNeg    . . .      Spirit   +   C - +2 ring mail {rF+}
rPois   +          Reflect  .   (no helmet)
rElec   +          Harm     .   c - +0 cloak
rCorr   .          Rampage  .   t - +0 pair of gloves
Will    .....                   i - +0 pair of boots
Stlth   +++.......              F - amulet of the acrobat
HPRegen 0.92/turn               p - ring of willpower
MPRegen 0.08/turn               (no ring)

@: no status effects
A: fangs 2, regeneration 1, magic shield, antimagic bite, no potion heal 2
a: no special abilities


You were on level 5 of the Dungeon.
You visited 1 branch of the dungeon, and saw 5 of its levels.

You collected 180 gold pieces.

Inventory:

Hand Weapons
 a - the +9 dagger of His Bef (weapon) {antimagic, rElec rPois Will- Dex+5}
   (You found it on level 4 of the Dungeon)

   It reduces the magical energy of the wielder, and disrupts the spells and
   magical abilities of those it strikes.
   Natural abilities and divine invocations are not affected.
   Dex:       It affects your dexterity (+5).
   rElec:     It insulates you from electricity.
   rPois:     It protects you from poison.
   Will:      It decreases your willpower.
 y - a +2 hunting sling of freezing
 E - a +2 dagger
Missiles
 d - 9 poisoned darts (quivered)
 e - 3 curare-tipped darts
 D - a boomerang
 H - 4 javelins
Armour
 c - a +0 cloak (worn)
 i - a +0 pair of boots (worn)
 t - a +0 pair of gloves (worn)
 C - a +2 ring mail of fire resistance (worn)
 J - the +2 ring mail of Pyrox {rElec rN++}
   (You found it on level 4 of the Dungeon)

   rElec:     It insulates you from electricity.
   rN:        It greatly protects you from negative energy.
Jewellery
 p - a ring of willpower (left hand)
 F - an amulet of the acrobat (around neck)
Scrolls
 f - 4 scrolls of identify {unknown}
 g - 5 scrolls of blinking {unknown}
 j - 4 scrolls of teleportation {unknown}
 k - a scroll of acquirement {unknown}
 l - a scroll of fog {unknown}
 m - a scroll of noise {unknown}
 o - a scroll of poison {unknown}
 s - a scroll of enchant armour {unknown}
 u - 3 scrolls of silence {unknown}
 v - a scroll of vulnerability {unknown}
 x - 2 scrolls of amnesia {unknown}
 z - 2 scrolls of magic mapping {unknown}
 G - a scroll of fear {unknown}
Potions
 b - a potion of magic {unknown}
 h - 2 potions of brilliance {unknown}
 n - 2 potions of heal wounds {unknown}
 q - 2 potions of curing {unknown}
 r - 3 potions of haste {unknown}
 w - 2 potions of invisibility {unknown}
 A - a potion of degeneration {unknown}
 B - a potion of ambrosia {unknown}
 I - a potion of might {unknown}
 K - a potion of attraction {unknown}


   Skills:
 + Level 4.4 Fighting
 + Level 4.3 Short Blades
 - Level 3.0 Throwing
 - Level 0.7 Dodging
 + Level 6.5 Stealth


You had 6 spell levels left.
You didn't know any spells.
Your spell library contained the following spells:

 Spells                   Type           Power      Damage    Failure   Level
 Animate Skeleton         Necr           0%         N/A       58%         1
 Pain                     Necr           0%         1d4       58%         1
 Confusing Touch          Hex            0%         N/A       91%         3
 Vampiric Draining        Necr           0%         2d6       91%         3
 Alistair's Intoxication  Tmut/Pois      0%         N/A       100%        5
 Borgnjor's Vile Clutch   Necr/Erth      0%         N/A       100%        5
 Yara's Violent Unravell  Hex/Tmut       0%         3d3       100%        5
 Eringya's Noxious Bog    Tmut/Pois      0%         N/A       100%        6
 Enfeeble                 Hex            0%         N/A       100%        7


Dungeon Overview and Level Annotations

Branches:
Dungeon (5/15)
 Temple: D:4-7

Altars:
Gozag
Makhleb
Xom
Zin

Shops:
D:1 !   D:4 :

Annotations:
D:4 3 runed translucent doors, HendSelp's ghost, amateur NaWr


Innate Abilities, Weirdness & Mutations

You have extremely sharp teeth.
Your natural rate of healing is unusually fast.
When hurt, damage is shared between your health and your magic reserves.
Your bite disrupts and absorbs the magic of your enemies.
Potions cannot restore your health.


Message History

The gnoll sergeant completely misses you.
You hit the gnoll sergeant but do no damage.
You bite the gnoll sergeant, but do no damage.
The gnoll sergeant closely misses you. The gnoll sergeant blocks your attack.
You hit the gnoll sergeant. Your bite misses the gnoll sergeant.
The gnoll sergeant is lightly wounded.
The gnoll sergeant hits you with a +0 spear.
You hit the gnoll sergeant.
You bite the gnoll sergeant, but do no damage.
The gnoll sergeant is moderately wounded.
The gnoll sergeant hits you with a +0 spear.
The gnoll sergeant blocks your attack. x2; You bite the gnoll sergeant.
You drain its power.
The gnoll sergeant is moderately wounded.
The gnoll sergeant closely misses you.
You hit the gnoll sergeant but do no damage.
The gnoll sergeant is moderately wounded.
The gnoll sergeant hits you with a +0 spear.
* * * LOW HITPOINT WARNING * * *
You hit the gnoll sergeant. The gnoll sergeant blocks your attack.
You bite the gnoll sergeant. You drain its power.
The gnoll sergeant is heavily wounded.
You hit the gnoll sergeant.
You punch the gnoll sergeant, but do no damage.
The gnoll sergeant is severely wounded.
The gnoll sergeant hits you with a +0 spear.
* * * LOW HITPOINT WARNING * * *
The gnoll sergeant blocks your attack.
The gnoll sergeant is severely wounded.
The gnoll sergeant closely misses you. The gnoll sergeant blocks your attack.
The gnoll sergeant is severely wounded.
The gnoll sergeant hits you with a +0 spear.
* * * LOW HITPOINT WARNING * * *
The gnoll sergeant blocks your attack.
You punch the gnoll sergeant, but do no damage.
The gnoll sergeant is heavily wounded.
The gnoll sergeant hits you with a +0 spear!
You die...

#............#
#............#
#...##.......#
#>..##.......######
#....#.......#.(..##
#....#.............#
#....#.............#
#.)).#......†......#
#.)@.#......##...###
#..g.#......##...###
#....#.......#....#.
#....#.......#....#.
#....#.......#....#.
#....#. +....#.
#...## #....'. #...#
####### .##...###


You could see a gnoll sergeant.

Vanquished Creatures
  Menkaure (D:4)
  An ogre (D:4)
  2 phantoms
  A bullfrog (D:4)
  2 hounds (D:5)
  2 adders
  3 gnolls (D:5)
  2 worms
  A dart slug (D:2)
  6 orcs
  3 ball pythons
  5 endoplasms
  A giant cockroach (D:2)
  8 hobgoblins
  7 kobolds
  2 quokkas
  3 bats
  4 frilled lizards
  10 goblins
  9 rats
73 creatures vanquished.

Notes
Turn   | Place    | Note
-------+----------+-------------------------------------------
     0 | D:1      | zishaf the Vine Stalker Brigand began the quest for the
                  | Orb.
     0 | D:1      | Reached XP level 1. HP: 11/11 MP: 2/2
    97 | D:1      | Reached XP level 2. HP: 5/15 MP: 3/3
   318 | D:1      | Found Parril Goer's Distillery.
   688 | D:1      | Reached XP level 3. HP: 18/18 MP: 4/4
  1908 | D:3      | Gained mutation: Your natural rate of healing is unusually
                  | fast. [Vine Stalker growth]
  1908 | D:3      | Reached XP level 4. HP: 22/23 MP: 5/5
  2065 | D:3      | Found an opulent altar of Gozag.
  2088 | D:3      | Noticed a phantom
  2110 | D:3      | Killed a phantom
  2111 | D:3      | Reached XP level 5. HP: 18/28 MP: 4/6
  2607 | D:4      | Identified the +9 dagger of His Bef {antimagic, rElec rPois
                  | Will- Dex+5}
  2734 | D:4      | Noticed an ogre
  2739 | D:4      | Killed an ogre
  2740 | D:4      | Reached skill level 5 in Stealth
  2740 | D:4      | Reached XP level 6. HP: 31/32 MP: 1/7
  2842 | D:4      | Found Nicwoorgh's Book Emporium.
  2909 | D:4      | Found a runed translucent gate.
  2909 | D:4      | Found a runed translucent gate.
  2909 | D:4      | Found a runed translucent gate.
  3046 | D:4      | Noticed Menkaure
  3051 | D:4      | Killed Menkaure
  3052 | D:4      | Reached skill level 6 in Stealth
  3052 | D:4      | Reached XP level 7. HP: 18/37 MP: 1/8
  3054 | D:4      | Found a shimmering altar of Xom.
  3113 | D:4      | Found a burning altar of Makhleb.
  3117 | D:4      | Found a glowing silver altar of Zin.
  3117 | D:4      | Noticed an angel
  3118 | D:4      | Noticed a green death
  3178 | D:4      | Identified the +2 ring mail of Pyrox {rElec rN++}
  3206 | D:4      | Noticed HendSelp's ghost (amateur NaWr)
  3757 | D:5      | Entered Level 5 of the Dungeon
  3826 | D:5      | Slain by a gnoll sergeant

Illustrated notes

Levels and vault maps discovered:
D:1:      psy_arrival_radial01, layout_rooms, serial_shops,
          nicolae_shop_hallway_plus, minmay_rat_gold_closets
D:2:      layout_basic
D:3:      layout_basic, marbit_many_paths
D:4:      layout_basic, mainiacjoe_overflow_surrounded_room,
          grunt_temple_overflow_order_and_chaos_2, serial_shops, shop,
          gammafunk_ghost_icy, uniq_menkaure
D:5:      layout_gridville, temple_pool_b, nicolae_shop_clearance

Skill      XL: |  1  2  3  4  5  6 |
---------------+-------------------+-----
Fighting       | 2 3 4 |  4.4
Short Blades   | 2 3 4 |  4.3
Throwing       | 2 3 |  3.0
Stealth        | 5 6 |  6.5
Dodging        | |  0.7

Action                   |  1- 3 |  4- 6 |  7- 9 || total
-------------------------+-------+-------+-------++-------
Melee: Dagger            |    82 |   100 |    28 ||   210
       Bite              |    17 |    25 |     9 ||    51
       Punch             |       |       |     3 ||     3
 Stab: Sleeping          |    15 |     3 |     2 ||    20
       Distracted        |     1 |     1 |       ||     2
Armor: Robe              |    20 |     7 |       ||    27
       Ring mail         |       |    18 |     4 ||    22
Dodge: Dodged            |    26 |    51 |    12 ||    89

Table legend: (Time is in decaauts)
 A = Elapsed time spent in this place.
 B = Non-inter-level travel time spent in this place.
 C = Inter-level travel time spent in this place.
 D = Time resting spent in this place.
 E = Time spent auto-exploring this place.
 F = Levels seen in this place.
 G = Mean time per level.
                   A        B        C        D        E       F      G
               +--------+--------+--------+--------+--------+-----+--------+
         Total |   3793 |   3632 |    161 |     77 |   2938 |   5 |  758.6 |
       Dungeon |   3793 |   3632 |    161 |     77 |   2938 |   5 |  758.6 |
               +--------+--------+--------+--------+--------+-----+--------+

Top non-repeatable levels by time:
     D:4: 1173 daAuts
     D:1: 1115 daAuts
     D:3: 736 daAuts
     D:2: 704 daAuts
     D:5: 63 daAuts
